 Dungeon Crawl Stone Soup version 0.29.1-13-g9f3cf754e1 (webtiles) character file.

Game seed: 18040454437413386332

209 KittyFluff the Cudgeller (level 5, -4/49 HPs)
             Began as a Gargoyle Berserker on Feb 5, 2023.
             Was a Priest of Trog.
             Slain by a black bear (8 damage)
             ... on level 4 of the Dungeon.
             The game lasted 00:12:50 (3301 turns).

KittyFluff the Cudgeller (Gargoyle Berserker)       Turns: 3301, Time: 00:12:50

Health: -4/49      AC: 10    Str: 30    XL:     5   Next: 87%
Magic:  5/5        EV: 12    Int:  7    God:    Trog [***...]
Gold:   212        SH:  0    Dex: 11    Spells: 4/4 levels left

rFire   . . .      SeeInvis .   a - +0 mace
rCold   . . .      Faith    .   (no shield)
rNeg    + . .      Spirit   .   x - +1 robe of Weirdness {*Corrode Str+3 Stlth+}
rPois   ∞          Reflect  .   (no helmet)
rElec   +          Harm     .   n - +2 cloak
rCorr   .          Rampage  .   (no gloves)
Will    .....                   (no boots)
Stlth   ..........              (no amulet)
HPRegen 0.16/turn               q - +6 ring of strength
MPRegen 0.09/turn               (no ring)

@: berserking, very quick
A: sickness immunity, AC +4, negative energy resistance 1, electricity
resistance, torment resistance 1, petrification resistance
a: Renounce Religion, Berserk, Trog's Hand


You were on level 4 of the Dungeon.
You worshipped Trog.
Trog was most pleased with you.
You visited 1 branch of the dungeon, and saw 4 of its levels.
You also visited: Sewer.

You collected 212 gold pieces.

Inventory:

Hand Weapons
 a - a +0 mace (weapon)
 t - a +0 sling
Missiles
 e - 52 stones (quivered)
 l - 9 poisoned darts
Armour
 j - a +0 scale mail
 n - a +2 cloak (worn)
 v - a +0 ring mail
 x - the +1 robe of Weirdness (worn) {*Corrode Str+3 Stlth+}
   (You found it on level 4 of the Dungeon)

   Str:       It affects your strength (+3).
   *Corrode:  It may corrode you when you take damage.
   Stlth:     It makes you more stealthy.
 B - a +0 leather armour
Jewellery
 q - a +6 ring of strength (left hand)
 y - an amulet of faith
Scrolls
 f - a scroll of silence {unknown}
 g - a scroll of torment {unknown}
 i - 2 scrolls of teleportation {unknown}
 k - a scroll of poison
 o - 2 scrolls of enchant armour {unknown}
 p - 2 scrolls of identify {unknown}
 r - a scroll of enchant weapon {unknown}
 A - a scroll of acquirement {unknown}
 C - a scroll of immolation {unknown}
Potions
 c - a potion of resistance {unknown}
 d - a potion of magic {unknown}
 h - a potion of lignification {unknown}
 m - 3 potions of curing {unknown}
 s - a potion of attraction {unknown}
 u - a potion of degeneration {unknown}
 w - 2 potions of heal wounds {unknown}
 z - 2 potions of haste


   Skills:
 + Level 4.1 Fighting
 + Level 4.4 Maces & Flails
 * Level 3.4 Armour
 + Level 2.5 Dodging
 + Level 1.0 Stealth


You had 4 spell levels left.
You didn't know any spells.
Your spell library was empty.

Dungeon Overview and Level Annotations

Branches:
Dungeon (4/15)              Sewer (visited)
 Temple: D:4-7

Altars:
Fedhas
Ru

Annotations:
D:2 1 runed translucent door, Crazy Yiuf


Innate Abilities, Weirdness & Mutations

You are immune to sickness and miasma.
Your stone body is resilient. (AC +4)
You are immune to poison.
You resist negative energy. (rN+)
You are resistant to electric shocks. (rElec)
You are resistant to unholy torment.
You are immune to petrification.


Message History

A black bear comes into view.
Found 7 stones.
There is an open door here.
The black bear growls angrily.
You sock the black bear!
The black bear is heavily wounded.
The black bear bites you but does no damage.
The black bear claws you but does no damage.
The black bear closely misses you.
You barely miss the black bear.
The black bear is heavily wounded.
The black bear bites you. The black bear claws you.
The black bear claws you but does no damage.
You sock the black bear!
The black bear is severely wounded.
The black bear bites you. The black bear claws you.
The black bear barely misses you.
You hit the black bear.
The black bear is severely wounded.
The black bear bites you! The black bear closely misses you.
The black bear barely misses you.
The black bear goes berserk!
You hit the black bear.
The black bear is almost dead.
The black bear bites you. The black bear claws you.
* * * LOW HITPOINT WARNING * * *
The black bear claws you but does no damage.
You hit the black bear but do no damage.
The black bear is almost dead.
The black bear closely misses you.
The black bear claws you but does no damage.
The black bear claws you.
* * * LOW HITPOINT WARNING * * *
The black bear barely misses you. x2
The black bear claws you but does no damage.
A red film seems to cover your vision as you go berserk!
You feel yourself moving faster!
You feel mighty! The black bear bites you.
* * * LOW HITPOINT WARNING * * *
The black bear claws you but does no damage. x2
The black bear bites you!
You die...

..# .! .# #+## #..##.#
...#
.###..###.>##.###...#
...<................#
.................(..#
#####.###..##..# ...+
..###.###..##..# ...#
...............##...#
................@h..#
...##<..).......#...#
####....†.......#.......
#...##.###..##.......
######## #### ...##..
#### #


You could see a black bear (berserk).

Vanquished Creatures
  Pargi (Sewer)
  3 gnolls (D:2)
  An adder (D:4)
  A dart slug (D:2)
  10 endoplasms
  A giant cockroach (D:3)
  17 goblins
  4 hobgoblins
  4 jackals (D:1)
  A quokka (D:1)
  5 ball pythons
  11 bats
  2 frilled lizards (D:1)
  6 kobolds
  10 rats
77 creatures vanquished.

Notes
Turn   | Place    | Note
-------+----------+-------------------------------------------
     0 | D:1      | KittyFluff the Gargoyle Berserker began the quest for the
                  | Orb.
     0 | D:1      | Reached XP level 1. HP: 14/14 MP: 1/1
    63 | D:1      | Found a sacrificial altar of Ru.
   120 | D:1      | Reached XP level 2. HP: 17/19 MP: 2/2
   161 | D:1      | Found a faded altar of an unknown god.
   302 | D:1      | HP: 1/20 [hobgoblin (3)]
   307 | D:1      | Reached XP level 3. HP: 2/24 MP: 3/3
   745 | D:1      | Reached ** piety under Trog
  1113 | D:2      | Found a blossoming altar of Fedhas.
  1612 | D:2      | Reached XP level 4. HP: 17/29 MP: 4/4
  1901 | D:2      | Found a runed translucent door.
  1902 | D:2      | Noticed Crazy Yiuf
  2690 | D:4      | Found a glowing drain.
  2718 | D:3      | Reached *** piety under Trog
  2871 | D:4      | Identified the +1 robe of Weirdness {*Corrode Str+3 Stlth+}
  2898 | Sewer    | Entered a sewer
  2959 | Sewer    | Noticed Pargi
  2971 | Sewer    | Killed Pargi
  2972 | Sewer    | Reached skill level 1 in Stealth
  2972 | Sewer    | Reached XP level 5. HP: 19/33 MP: 5/5
  3293 | D:4      | Noticed a black bear
  3301 | D:4      | Slain by a black bear

Illustrated notes

Levels and vault maps discovered:
D:1:      nicolae_arrival_washed_ashore, layout_loops_ring,
          shapermc_ecumenical_altar_pompeii, minmay_misc_feat_x,
          minmay_hexomino_r4
D:2:      layout_basic, basic_altar, uniq_crazy_yiuf_cottage
D:3:      layout_basic
D:4:      layout_gridville, overflow_temple_1_default, portal_sewer_entry_a

Skill      XL: |  1  2  3  4 |
---------------+-------------+-----
Fighting       | 4 |  4.1
Maces & Flails | 4 |  4.4
Dodging        | 2 |  2.5
Armour         | 3 |  3.4
Stealth        | 1 |  1.0

Action                   |  1- 3 |  4- 6 || total
-------------------------+-------+-------++-------
Melee: Mace              |   113 |    93 ||   206
       Punch             |     1 |     1 ||     2
Throw: Stone             |       |     3 ||     3
Invok: Berserk           |       |     3 ||     3
  Use: Scroll            |       |     2 ||     2
 Stab: Sleeping          |     3 |     2 ||     5
Armor: Animal skin       |    38 |    25 ||    63
       Robe              |       |    70 ||    70
Dodge: Dodged            |    78 |   152 ||   230
